 Dungeon Crawl Stone Soup version 0.15.0-27-gbdb0435 (webtiles) character file.

179 Rhoefr the Slasher (level 5, -3/45 HPs)
             Began as a Naga Warper on Sept 11, 2014.
             Slain by a hound (6 damage)
             ... on Level 5 of the Dungeon.
             The game lasted 00:30:48 (4325 turns).

Rhoefr the Slasher (Naga Warper)                    Turns: 4325, Time: 00:30:49

HP  -3/45        AC  5     Str 13      XL: 5   Next: 59%
MP   2/11        EV  9     Int 13      God:
Gold 147         SH  0     Dex 14      Spells:  4 memorised,  1 level left

rFire  . . .     SeeInvis +     a - +1 falchion
rCold  . . .     Clarity  .     b - +0 leather armour
rNeg   . . .     rCorr    .     (no shield)
rPois  +         rRot     .     (no helmet)
rElec  .         Spirit   .     (no cloak)
SustAb .         Warding  .     j - +1 pair of gloves
rMut   .         Stasis   .     (no barding)
Gourm  .                        (no amulet)
MR     .....                    (no ring)
                                u - +2 ring of dexterity

@: very slow, not resistant to hostile enchantments, very unstealthy
A: spit poison, see invisible, deformed body, poison resistance, slowness 2, AC
+1
a: Spit Poison


You were on level 5 of the Dungeon.
You were hungry.

You visited 1 branch of the dungeon, and saw 5 of its levels.

You collected 147 gold pieces.

Inventory:

Hand weapons
 a - a +1 falchion (weapon)
Missiles
 e - 8 tomahawks of dispersal (quivered)
Armour
 b - a +0 leather armour (worn)
 j - a +1 pair of gloves (worn)
 q - a cursed +0 ring mail
Magical devices
 k - a wand of slowing (10)
Comestibles
 f - 3 bread rations
 h - 2 meat rations
Scrolls
 d - a scroll of blinking
 g - a scroll of magic mapping
 i - a scroll of immolation
 m - 2 scrolls of amnesia
 n - a scroll of fog
 o - 3 scrolls of identify
 p - a scroll of remove curse
Jewellery
 u - a +2 ring of dexterity (left hand)
Potions
 l - a potion of invisibility
Books
 c - a book of Spatial Translocations

   Spells                             Type                      Level
   *Apportation                       Translocation                1
   *Blink                             Translocation                2
   *Shroud of Golubria                Charms/Translocation         2
   Portal Projectile                  Translocation                3
   Teleport Other                     Translocation                3
   *Passage of Golubria               Translocation                4


   Skills:
 - Level 2.0 Fighting
 - Level 4.1 Long Blades
 - Level 0.8 Throwing
 - Level 0.7 Armour
 - Level 1.5 Dodging
 - Level 3.0 Spellcasting
 + Level 4.1 Translocations


You had one spell level left.
You knew the following spells:

 Your Spells              Type           Power        Failure   Level  Hunger
a - Apportation           Tloc           ##........   6%          1    #......
b - Blink                 Tloc           N/A          10%         2    ##.....
c - Passage of Golubria   Tloc           N/A          50%         4    #####..
s - Shroud of Golubria    Chrm/Tloc      #.........   17%         2    ##.....


Dungeon Overview and Level Annotations

Branches:
Dungeon (5/15)
 Temple: D:4-7

Altars:
Qazlal

Annotations:
D:4 ztt's ghost, average HOFi


Innate Abilities, Weirdness & Mutations

You cannot wear boots.
You can spit poison.
Your serpentine skin is tough (AC +1).
You have supernaturally acute eyesight.
Armour fits poorly on your strangely shaped body.
Your system is resistant to poisons.
You cover ground very slowly.


Message History

A phantom comes into view.
The hound bites you but does no damage.
All of the chunks of flesh in your inventory have rotted away.
Found 12 gold pieces.
The hound looks more healthy.
Found an ichor-stained morningstar.
The hound bites you but does no damage.
Casting: Blink
Confirm with . or Enter, or press ? or * to list all spells.
You don't have enough magic to cast that spell.
The hound barely misses you. x2
The hound bites you.
* * * LOW HITPOINT WARNING * * *
You see here 12 gold pieces.
The hound barely misses you. The hound bites you but does no damage.
The phantom hits you.
* * * LOW HITPOINT WARNING * * *
The phantom blinks!
The hound barely misses you. The hound closely misses you. The hound bites you.
You die...

#........
#.#........
#.#........
#.#.......
####.#.......
#..........#
#(##.##..#.#
#.#..#..ยง..#######.
#.#..W.$.h@........
#.#=.....h..)......
..#....##..#######
##########.# ....
##.## .. #.#


You could see a phantom and 2 hounds.

Vanquished Creatures
  A giant frog skeleton (D:4)
  Ijyb (D:3)
  Jessica (D:2)
  3 worms
  2 giant geckos
  An ooze (D:3)
  4 orcs
  17 bats
  4 giant cockroaches
  3 goblins
  9 hobgoblins
  17 jackals
  10 kobolds
  2 quokkas
  A ball python (D:4)
  3 giant newts
  9 rats
88 creatures vanquished.

Notes
Turn   | Place    | Note
--------------------------------------------------------------
     0 | D:1      | Rhoefr, the Naga Warper, began the quest for the Orb.
     0 | D:1      | Reached XP level 1. HP: 19/19 MP: 3/3
   612 | D:1      | Reached XP level 2. HP: 15/26 MP: 4/4
  1194 | D:1      | Learned a level 2 spell: Blink
  1650 | D:2      | Reached XP level 3. HP: 25/32 MP: 6/6
  1938 | D:2      | Noticed Jessica
  1947 | D:2      | Killed Jessica
  1947 | D:2      | Reached skill level 4 in Long Blades
  2169 | D:2      | Reached XP level 4. HP: 39/39 MP: 7/7
  2370 | D:2      | Learned a level 2 spell: Shroud of Golubria
  2384 | D:3      | Noticed Ijyb
  2398 | D:3      | Killed Ijyb
  3081 | D:3      | Reached XP level 5. HP: 45/45 MP: 9/9
  3262 | D:3      | Found a stormy altar of Qazlal.
  3918 | D:4      | Learned a level 4 spell: Passage of Golubria
  4271 | D:4      | Noticed ztt's ghost (average HOFi)
  4313 | D:5      | Entered Level 5 of the Dungeon
  4319 | D:5      | Noticed a phantom
  4325 | D:5      | Slain by a hound

Action                   |  1- 3 |  4- 6 || total
-------------------------+-------+-------++-------
Melee: Falchion          |    54 |   180 ||   234
 Cast: Shroud of Golubri |       |     2 ||     2
       Blink             |       |     6 ||     6
       Apportation       |       |     1 ||     1
       Passage of Golubr |       |     1 ||     1
 Abil: Spit Poison       |    24 |    39 ||    63
Evoke: Wand              |       |     1 ||     1
  Use: Scroll            |     7 |     6 ||    13
  Eat: Chunk             |     4 |     9 ||    13
       Beef jerky        |       |     1 ||     1
